AoeStats
← Muslito de pollo 89

Black Forest

505956457Analyzed
2v2 RM · 22d ago on Sep 11, 2026· 36m 12s· 4 players
Game mode
Random Map
Map size
Medium (4 player)
Population
200
Speed
Normal
Resources
Standard
Victory
Conquest
Starting age
Dark Age
Ending age
Imperial Age
RankedLock teamsTeams togetherTeam positionsShared explorationLock speedFull tech treeHidden civsTurbo modeCheats
Victory
Defeat
🇨🇴 Khmer · Colombia
1221
+17
🇨🇴 Ethiopians · Colombia
1077
+23
🇹🇷 Malians · Türkiye
1258
-21
🇺🇦 Teutons · Ukraine
1216
-19
Sealion42
0:56 Loom
11:04 Feudal Age
16:09 Castle Age
15:52 Double-Bit Axe
16:44 Horse Collar
26:56 Town Watch
29:40 Wheelbarrow
33:09 Imperial Age
31:34 Bow Saw
31:35 Heavy Plow
34:09 Ballistics
34:52 Chemistry
seher9203
1:03 Loom
12:38 Feudal Age
16:57 Castle Age
15:03 Stone Mining
15:02 Double-Bit Axe
14:59 Horse Collar
15:39 Gold Mining
25:34 Wheelbarrow
24:49 Town Watch
27:38 Gold Mining
31:24 Imperial Age
30:11 Forging
30:01 Scale Mail Armor
29:47 Elite Skirmisher
31:12 Fletching
31:22 Padded Archer Armor
31:45 Thumb Ring
32:59 Iron Casting
33:10 Ballistics
33:11 Arson
33:47 Squires
34:05 Chain Mail Armor
34:10 Elite Gbeto
Muslito de pollo 89
0:26 Loom
13:29 Feudal Age
18:27 Castle Age
18:12 Horse Collar
18:19 Double-Bit Axe
18:26 Gold Mining
21:22 Fletching
21:33 Padded Archer Armor
23:15 Bow Saw
24:22 Crossbowman
25:11 Heavy Plow
25:40 Bodkin Arrow
26:01 Leather Archer Armor
25:47 Fishing Lines
26:54 Ballistics
27:04 Gillnets
29:43 Stone Mining
32:17 Fortified Wall
33:53 Scale Mail Armor
34:04 Forging
37:15 Imperial Age
Pechuga de pollo 94
1:33 Loom
11:38 Feudal Age
14:27 Castle Age
12:51 Double-Bit Axe
19:33 Bow Saw
22:54 Horse Collar
26:05 Heavy Plow
27:20 Ballistics
31:06 Imperial Age
29:23 Husbandry
32:41 Siege Engineers
33:34 Scale Barding Armor
33:32 Gold Mining
33:35 Stone Mining
33:11 Light Cavalry
34:02 Bloodlines
33:57 Heavy Scorpion
35:17 Chain Barding Armor
Connection lost

Rejoining the realm…

Still unreachable

The connection could not be restored.

Session expired

The server has moved on; the page needs a fresh start.